AoeStats
← Death_Rider

Arena

508848087Analyzed
2v2 RM · 9d ago on Sep 24, 2026· 59m 40s· 4 players
Game mode
Random Map
Map size
Medium (4 player)
Population
200
Speed
Normal
Resources
Standard
Victory
Conquest
Starting age
Dark Age
Ending age
Imperial Age
RankedLock teamsTeams togetherTeam positionsShared explorationLock speedFull tech treeHidden civsTurbo modeCheats
Victory
Defeat
🇪🇸 Chinese · Spain
1015
+13
🇪🇸 Goths · Spain
953
+14
🇰🇷 Celts · South Korea
952
-14
🇩🇪 Bohemians · Germany
927
-13
wook12220
0:27 Loom
10:46 Feudal Age
12:12 Wheelbarrow
11:23 Double-Bit Axe
18:12 Castle Age
16:40 Horse Collar
19:11 Hand Cart
21:40 Bow Saw
23:58 Gold Mining
26:12 Heavy Plow
27:34 Stone Mining
28:52 Scale Mail Armor
29:03 Forging
29:23 Pikeman
32:23 Stone Shaft Mining
32:04 Stronghold
35:01 Imperial Age
32:02 Elite Skirmisher
33:07 Masonry
33:09 Fortified Wall
34:50 Caravan
36:25 Furor Celtica
36:23 Siege Engineers
35:50 Capped Ram
40:41 Heavy Scorpion
43:55 Hoardings
43:12 Siege Ram
Death_Rider
10:22 Feudal Age
11:04 Double-Bit Axe
11:10 Horse Collar
17:45 Castle Age
16:28 Forging
17:47 Scale Mail Armor
18:53 Loom
19:43 Wheelbarrow
18:54 Town Watch
19:50 Pikeman
20:30 Squires
23:03 Heavy Plow
29:04 Imperial Age
27:24 Bow Saw
28:36 Hand Cart
28:22 Town Patrol
29:21 Iron Casting
29:02 Chain Mail Armor
31:01 Chemistry
30:24 Ballistics
32:52 Two-Man Saw
33:41 Conscription
33:30 Wagenburg Tactics
33:28 Houfnice
34:08 Light Cavalry
34:49 Husbandry
36:18 Halberdier
36:21 Elite Skirmisher
43:19 Elite Hussite Wagon
44:53 Heavy Scorpion
45:34 Fletching
46:44 Blast Furnace
46:15 Plate Mail Armor
45:51 Scale Barding Armor
45:48 Padded Archer Armor
46:13 Bodkin Arrow
46:35 Murder Holes
46:50 Masonry
52:08 Coinage
52:03 Bracer
52:24 Chain Barding Armor
54:16 Banking
55:24 Leather Archer Armor
56:45 Ring Archer Armor
MrLennon
11:34 Feudal Age
15:35 Castle Age
14:12 Horse Collar
14:33 Double-Bit Axe
15:32 Gold Mining
18:06 Bow Saw
24:02 Wheelbarrow
25:36 Hand Cart
25:26 Heavy Plow
26:19 Stone Mining
26:47 Squires
26:08 Pikeman
27:03 Forging
26:53 Scale Mail Armor
27:46 Loom
27:47 Town Watch
30:03 Iron Casting
29:28 Scale Mail Armor
29:40 Masonry
29:26 Murder Holes
29:14 Treadmill Crane
29:32 Murder Holes
29:20 Man-at-Arms
30:29 Town Patrol
33:50 Imperial Age
32:05 Chain Mail Armor
31:15 Long Swordsman
32:42 Anarchy
34:09 Elite Huskarl
35:11 Conscription
36:00 Two-Man Saw
42:42 Perfusion
43:05 Halberdier
Mito
0:29 Loom
10:51 Feudal Age
15:38 Castle Age
13:43 Double-Bit Axe
16:48 Bow Saw
16:20 Horse Collar
16:34 Gold Mining
21:15 Gold Shaft Mining
22:02 Stone Mining
23:02 Wheelbarrow
22:16 Town Watch
23:48 Stone Shaft Mining
25:25 Hand Cart
29:24 Imperial Age
28:06 Thumb Ring
29:10 Fletching
29:20 Padded Archer Armor
29:44 Heavy Plow
29:54 Bodkin Arrow
30:56 Conscription
31:30 Coinage
32:09 Bracer
32:25 Leather Archer Armor
34:23 Two-Man Saw
34:33 Ring Archer Armor
33:43 Elite Chu Ko Nu
35:05 Rocketry
39:27 Ballistics
40:08 Chemistry
39:19 Masonry
39:06 Murder Holes
39:01 Guard Tower
39:22 Fortified Wall
41:21 Coinage
46:26 Banking
59:20 Spies/Treason
Connection lost

Rejoining the realm…

Still unreachable

The connection could not be restored.

Session expired

The server has moved on; the page needs a fresh start.